Map: Reclamation LE

Players

Shackwell

  • Race: Protoss Protoss
  • League: Diamond
  • Spawn Location: 6:00

CheTino

  • Race: Terran Terran
  • Spawn Location: 5:00

Zieske - Winner!

  • Race: Terran Terran
  • League: Platinum
  • Spawn Location: 12:00

tasty - Winner!

  • Race: Zerg Zerg
  • League: Diamond
  • Spawn Location: 11:00

VOD

Have the link to the VOD?

Description

Time

  • Played on: Oct. 20, 2024, 6:47 a.m.
  • Length: 14:41
Show
View Real Time Build Order
Export as new Build Order

Shackwell Protoss 

Build Orders: 1 Gate Expand 

Get SALT Encoding   

  12  0:00  Probe  
  13  0:12  Probe  
  14  0:18  Pylon  
  14  0:25  Probe  
  15  0:37  Probe  
  15  0:38  Gateway  
  16  0:49  Probe (Chrono Boost)  
  17  0:50  Assimilator  
  17  1:00  Assimilator, Probe (Chrono Boost)  
  18  1:05  Probe (Chrono Boost)  
  19  1:15  Probe  
  20  1:28  Cybernetics Core  
  20  1:44  Nexus  
  20  1:48  Probe  
  21  2:03  Stalker (Chrono Boost), Pylon  
  21  2:08  Warp Gate  
  23  2:21  Probe  
  24  2:23  Stargate  
  24  2:31  Stalker (Chrono Boost)  
  26  2:42  Probe  
  27  2:53  Stalker (Chrono Boost)  
  27  2:54  Probe  
  27  2:57  Probe  
  31  3:06  Probe  
  30  3:23  Stalker (Chrono Boost)  
  30  3:25  Void Ray (Chrono Boost)  
  36  3:34  Probe x2  
  36  3:35  Pylon  
  38  3:46  Probe x2  
  34  4:06  Probe  
  35  4:11  Probe  
  36  4:18  Probe  
  36  4:23  Probe  
  38  4:28  Stalker  
  38  4:29  Void Ray (Chrono Boost)  
  45  4:33  Probe (Chrono Boost)  
  45  4:36  Probe (Chrono Boost)  
  48  4:46  Probe (Chrono Boost)  
  48  4:47  Probe (Chrono Boost)  
  48  4:49  Shield Battery  
  48  4:51  Stalker  
  50  4:54  Probe  
  50  4:55  Probe  
  52  5:40  Probe  
  53  5:45  Twilight Council  
  53  5:47  Gateway, Pylon  
  53  5:49  Gateway  
  53  5:50  Pylon  
  53  5:51  Gateway  
  53  6:07  Gateway  
  53  6:08  Gateway, Void Ray (Chrono Boost)  
  57  6:13  Stalker, Gateway  
  57  6:16  Gateway  
  57  6:17  Probe  
  60  6:23  Charge (Chrono Boost)  
  60  6:27  Probe  
  60  6:28  Nexus  
  60  6:30  Pylon  
  61  6:35  Probe  
  61  6:39  Probe  
  67  6:44  Void Ray  
  63  6:57  Zealot, Stalker x2  
  63  6:58  Zealot  
  69  7:03  Probe x2  
  71  7:15  Probe  
  72  7:18  Zealot x3  
  72  7:22  Pylon  
  74  7:23  Pylon  
  74  7:25  Pylon  
  74  7:27  Zealot x3  
  78  7:40  Zealot, Probe x2  
  78  7:41  Zealot x4  
  90  7:44  Probe  
  91  7:52  Probe x2  
  93  8:02  Zealot x2  
  93  8:03  Zealot x4  
  93  8:05  Sentry x2  
  109  8:06  Probe  
  109  8:10  Probe x2  
  112  8:18  Probe, Pylon  
  112  8:19  Pylon  
  113  8:21  Pylon  
  113  8:22  Probe  
  92  8:53  Stalker x6  
  92  8:54  Stalker x2  
  82  9:14  Probe x3  
  82  9:16  Zealot  
  82  9:17  Zealot x6  
  89  9:18  Zealot  
  101  9:26  Templar Archives, Probe x3  
  101  9:27  Gateway  
  101  9:28  Gateway  
  108  9:34  Void Ray (Chrono Boost)  
  108  9:38  Probe  
  109  9:42  Psionic Storm  
  109  9:47  Robotics Facility  
  109  9:49  Assimilator  
  109  9:50  Nexus  
  109  9:51  Probe x3  
  112  9:53  Assimilator  
  112  9:59  Assimilator  
  112  10:03  Assimilator, Probe x2  
  112  10:04  Probe  
  115  10:15  Probe x2  
  115  10:17  Probe  
  118  10:23  Zealot x5  
  118  10:27  Probe  
  129  10:28  Pylon  
  129  10:29  High Templar  
  129  10:30  High Templar  
  129  10:33  Immortal (Chrono Boost)  
  133  10:40  Probe x3  
  140  10:50  Forge  
  140  10:52  High Templar  
  140  10:54  High Templar  
  140  10:55  Forge  
  144  11:02  Shield Battery  
  144  11:04  High Templar  
  144  11:06  Assimilator  
  144  11:07  Zealot  
  144  11:08  Zealot x2, Assimilator  
  152  11:13  Immortal  
  156  11:20  High Templar  
  156  11:21  Zealot x2  
  162  11:28  Pylon  
  162  11:30  Pylon  
  162  11:31  Pylon  
  162  11:34  Photon Cannon  
  162  11:35  Photon Cannon  
  162  11:40  Probe  
  162  11:41  Probe  
  162  11:46  Probe x2  
  166  11:47  High Templar  
  166  11:48  High Templar x2  
  166  11:51  Zealot x4  
  180  11:57  Observer  
  147  12:28  Stalker x4  
  147  12:29  Zealot, Stalker x3  
  147  12:30  Zealot x2  
  136  12:38  Archon  
  136  12:39  Archon x3  
  80  13:05  Stalker  
  80  13:06  Zealot x2, Immortal (Chrono Boost), Stalker x2  
  80  13:07  Zealot x5  
  102  13:14  Probe x4  
  106  13:20  Stargate  
  106  13:24  Stargate  
  106  13:27  Fleet Beacon  
  106  13:29  Stalker  
  106  13:30  Stalker  
  106  13:32  Stalker  
  92  13:50  Zealot, Stalker x3  
  92  13:51  Zealot x3  
Show
View Real Time Build Order
Export as new Build Order

CheTino Terran 

Build Orders:  

Get SALT Encoding   

  12  0:00  SCV  
  13  0:12  SCV  
  14  0:17  Supply Depot  
  14  0:25  SCV  
  15  0:43  Barracks  
  15  0:45  Refinery, SCV  
  16  0:55  Supply Depot  
  16  0:58  SCV  
  17  1:12  Barracks  
  17  1:17  SCV  
  18  1:29  SCV  
  19  1:33  Barracks Reactor  
  19  1:41  SCV  
  19  1:43  Barracks  
  20  1:54  SCV  
  21  2:00  Barracks  
  21  2:05  Marine  
  22  2:08  SCV  
  22  2:11  Marine x2  
  25  2:19  Supply Depot  
  25  2:29  Orbital Command  
  25  2:32  Barracks Tech Lab  
  25  2:36  Barracks Reactor  
  25  2:46  Marine  
  25  2:47  Marine  
  25  2:50  Barracks Tech Lab  
  27  2:59  Engineering Bay  
  27  3:05  Factory  
  23  3:34  Marauder x2  
  25  3:35  Marine x3  
  25  3:36  Marine  
  31  3:41  Stimpack  
  31  3:43  SCV  
  32  3:53  Marine x3  
  35  4:09  Factory Tech Lab  
  35  4:10  Marauder  
  35  4:12  Marauder  
  35  4:14  Marine  
  35  4:15  Marine  
  39  4:41  Supply Depot  
  39  4:49  Marine x6  
  45  4:54  SCV  
  45  4:55  Starport  
  46  5:00  Supply Depot  
  46  5:05  Supply Depot  
  46  5:07  Marine x6  
  52  5:25  Marine x2  
  53  5:31  Marine x4  
  57  5:43  Marine x2  
  57  5:49  Marine x3  
  62  6:00  Marine x3  
  62  6:03  Starport Reactor  
  65  6:05  SCV  
  65  6:06  Marine  
  65  6:09  Refinery  
  67  6:17  SCV  
  68  6:25  Command Center  
  68  6:29  Marine x2  
  36  7:20  Marine x2  
  36  7:21  Marine x4  
  38  7:36  Medivac x2  
  42  7:38  Marine x3  
  42  7:39  Marine x3  
  42  7:40  Siege Tank  
  51  7:44  SCV  
  51  7:49  SCV  
  53  7:56  SCV  
  54  8:01  SCV, Marine  
  54  8:02  Marine x5  
  61  8:08  SCV  
  62  8:13  SCV, Siege Tank  
  66  8:21  SCV  
  66  8:25  SCV  
  56  9:09  Marine x3  
  58  9:10  Marine x3  
  58  9:14  Medivac  
  58  9:15  Medivac  
  66  9:20  Siege Tank  
  66  9:23  Refinery  
  69  9:26  Refinery  
  69  9:27  Marine x4  
  69  9:28  Marine x2  
  75  9:35  Planetary Fortress  
  75  9:45  Marine x2  
  77  9:56  Command Center  
  77  9:57  Terran Infantry Weapons Level 1  
  77  10:00  Marine  
  77  10:01  Marine x3  
  77  10:02  Marine  
  77  10:03  Marine  
  83  10:19  Marauder  
  85  10:23  Combat Shield  
  85  10:27  Concussive Shells  
  85  10:30  Marine  
  86  10:35  Marine  
  86  10:36  Marauder  
  86  10:40  Supply Depot  
  86  10:42  Supply Depot  
  89  10:46  Marauder  
  89  10:49  Marine  
  92  10:52  SCV  
  93  11:14  SCV  
  93  11:15  SCV  
  95  11:22  Marine x3  
  95  11:23  Marine x3  
  101  11:40  Marine  
  101  11:41  Marauder  
  101  11:44  Viking x2  
  108  11:49  Armory  
  108  11:52  Siege Tank  
  111  11:57  Starport  
  64  12:41  Marine  
  64  12:42  Marine x5  
  56  12:59  Marine x2  
  56  13:00  Marauder, Marine x2  
  56  13:01  Marauder  
  56  13:05  Planetary Fortress  
  62  13:12  Medivac x2  
  64  13:13  Viking  
  64  13:17  Marine x3  
  64  13:18  Marine  
  70  13:22  Marauder x2  
  74  13:28  Barracks x2  
  74  13:32  Barracks x2  
Show
View Real Time Build Order
Export as new Build Order

Zieske Terran - Winner!

Build Orders: Mech 

Get SALT Encoding   

  12  0:00  SCV  
  13  0:13  Supply Depot  
  13  0:17  SCV  
  14  0:29  SCV  
  15  0:42  SCV  
  16  0:56  Refinery  
  16  0:59  Barracks  
  16  1:03  Barracks  
  16  1:21  SCV  
  17  1:30  Refinery  
  17  1:33  SCV  
  18  1:45  Supply Depot  
  18  1:46  Reaper  
  19  1:48  Barracks  
  19  1:56  Reaper  
  20  2:06  Orbital Command  
  20  2:18  Reaper  
  21  2:28  Reaper  
  22  2:33  Barracks  
  22  2:38  Reaper  
  23  2:50  Reaper  
  23  2:51  SCV  
  25  3:00  Reaper  
  25  3:03  SCV  
  27  3:10  Reaper  
  27  3:23  Reaper  
  26  3:29  Reaper  
  26  3:33  Reaper, Bunker  
  27  3:34  SCV  
  28  3:43  Supply Depot  
  28  3:55  Reaper  
  29  4:03  Reaper  
  29  4:04  Barracks Reactor  
  29  4:05  Reaper  
  29  4:06  SCV  
  26  4:37  Barracks Tech Lab  
  24  4:38  Barracks Tech Lab  
  24  4:39  Barracks Tech Lab  
  24  4:40  Marine x2  
  24  4:44  SCV  
  27  4:50  Command Center  
  27  4:56  SCV  
  27  4:58  Marine x2, Concussive Shells  
  30  5:01  Marine x2  
  30  5:02  Marine  
  33  5:08  SCV  
  24  5:48  SCV  
  25  5:53  Factory  
  25  5:54  Factory  
  25  5:55  Factory  
  25  5:56  Command Center  
  25  6:04  Barracks  
  25  6:07  Factory  
  25  6:12  Orbital Command  
  25  6:17  Command Center  
  25  6:21  SCV  
  26  6:33  SCV  
  27  6:40  Armory  
  27  6:41  Factory Tech Lab x2  
  27  6:42  Factory Tech Lab  
  27  6:45  SCV  
  28  6:47  SCV  
  29  6:54  Factory Reactor  
  29  7:01  Infernal Pre-Igniter  
  29  7:03  Siege Tank, Barracks Reactor  
  32  7:09  Orbital Command  
  32  7:12  Hellion  
  36  7:21  Siege Tank  
  37  7:34  Hellion  
  37  7:36  Command Center, Hellbat x3  
  45  7:45  Smart Servos  
  45  7:48  Orbital Command  
  45  7:50  SCV x2  
  47  7:53  Orbital Command  
  47  7:56  Terran Vehicle Weapons Level 1  
  47  8:02  SCV  
  48  8:14  SCV x2, Refinery  
  48  8:17  Refinery  
  50  8:26  SCV x2  
  52  8:30  Hellbat x2  
  52  8:31  Hellbat x2  
  60  8:38  SCV  
  61  8:44  Thor  
  61  8:47  SCV x2  
  69  8:50  SCV  
  69  8:52  Hellbat  
  70  8:59  Thor  
  70  9:10  SCV  
  70  9:11  Refinery  
  70  9:13  Refinery, Orbital Command  
  71  9:17  Supply Depot  
  71  9:22  SCV  
  72  9:24  SCV x2  
  74  9:32  Factory  
  74  9:34  SCV  
  74  9:36  SCV  
  74  9:37  Factory  
  76  9:46  SCV  
  76  9:49  Supply Depot  
  76  9:51  Hellbat  
  76  9:52  Thor, Hellbat x2  
  89  9:56  Orbital Command  
  89  9:58  SCV  
  90  10:07  Armory  
  90  10:08  Refinery  
  90  10:10  SCV, Thor  
  90  10:14  Refinery  
  97  10:18  Supply Depot  
  97  10:19  SCV  
  98  10:23  SCV, Supply Depot, Factory Reactor  
  99  10:30  Supply Depot  
  99  10:33  SCV  
  100  10:40  SCV x3, Supply Depot  
  103  10:45  SCV  
  104  10:50  Supply Depot  
  104  10:52  SCV x3, Hellbat x2  
  104  10:54  Supply Depot  
  111  10:57  SCV  
  111  11:01  Supply Depot  
  112  11:04  SCV x3  
  112  11:09  SCV  
  112  11:10  Terran Vehicle Weapons Level 2  
  116  11:15  Hellbat x3  
  116  11:16  SCV x3  
  125  11:21  SCV  
  126  11:28  SCV  
  126  11:29  Engineering Bay, SCV x2  
  129  11:33  SCV  
  129  11:36  Thor x2  
  129  11:37  Thor  
  148  11:40  SCV  
  148  11:41  SCV  
  148  11:42  SCV  
  148  11:45  Supply Depot  
  151  11:47  Supply Depot  
  151  11:52  SCV  
  152  11:55  Neosteel Armor  
  152  12:01  Terran Vehicle And Ship Armor Level 1  
  152  12:05  SCV, Hellbat  
  152  12:07  Hellbat x4  
  163  12:09  Hellbat  
  165  12:17  SCV  
  165  12:19  Hellbat x2  
  138  12:24  Hellbat  
  138  12:26  Hellbat  
  138  12:28  Hellbat x4  
  148  12:30  Hellbat  
  144  12:41  Hellbat x2  
  142  12:45  Hellbat  
  142  12:48  Hellbat  
  142  12:50  Hellbat  
  142  12:53  Hellbat  
  142  12:54  Hellbat x3  
  142  13:02  Thor x2  
  148  13:07  Hellbat  
  148  13:09  Hellbat  
  148  13:11  Command Center  
  152  13:20  Supply Depot x2  
  152  13:31  Hellbat  
  152  13:32  Hellbat x2  
  144  13:43  Hellbat  
  144  13:44  Hellbat x2  
  144  13:45  Hellbat x2  
  144  13:46  Hellbat  
  138  13:53  Hellbat x2, Thor  
  138  14:05  Hellbat  
  138  14:06  Supply Depot  
  138  14:07  Siege Tank  
  138  14:08  Supply Depot  
Show
View Real Time Build Order
Export as new Build Order

tasty Zerg - Winner!

Build Orders: Hatch First, Lurkers, Roach Hydra 

Get SALT Encoding   

  12  0:01  Drone  
  13  0:12  Overlord  
  13  0:18  Drone  
  14  0:31  Drone  
  14  0:32  Drone  
  16  0:53  Drone, Hatchery  
  16  1:00  Drone  
  16  1:01  Drone  
  18  1:14  Extractor  
  18  1:18  Spawning Pool  
  16  1:20  Drone  
  16  1:24  Drone  
  18  1:28  Drone  
  19  1:53  Drone  
  20  2:05  Queen x2  
  20  2:06  Zergling x4  
  26  2:10  Drone  
  26  2:11  Overlord  
  27  2:18  Metabolic Boost  
  27  2:23  Drone  
  28  2:34  Drone x2  
  30  2:45  Drone x2, Hatchery  
  30  2:47  Drone  
  32  2:54  Queen  
  33  3:10  Zergling x6  
  35  3:17  Overlord  
  35  3:22  Spore Crawler  
  35  3:33  Drone  
  36  3:38  Drone x6  
  42  3:47  Drone x2  
  42  3:48  Overlord x3  
  44  4:02  Drone x3  
  44  4:05  Drone x2  
  44  4:08  Drone x2  
  48  4:10  Queen  
  50  4:24  Spore Crawler  
  50  4:29  Drone x6  
  55  4:34  Extractor, Drone  
  55  4:47  Overlord x2  
  55  4:51  Extractor  
  55  4:52  Lair  
  54  4:54  Extractor, Drone x3  
  56  5:06  Drone x3  
  59  5:07  Drone  
  59  5:08  Drone x2  
  62  5:20  Drone x2  
  62  5:21  Zergling x10, Evolution Chamber  
  63  5:22  Evolution Chamber  
  63  5:25  Zergling x4  
  69  5:45  Zergling x4  
  69  5:46  Zergling x8  
  75  5:51  Roach Warren  
  75  5:52  Baneling Nest  
  75  5:53  Zerg Melee Weapons Level 1  
  75  5:54  Zerg Missile Weapons Level 1  
  75  5:55  Zergling x10  
  75  5:56  Zergling x4  
  80  5:58  Zergling x4  
  80  5:59  Zergling x2, Overlord  
  83  6:10  Overlord x2  
  83  6:11  Zergling x2  
  84  6:24  Overseer x2  
  84  6:31  Roach x4  
  84  6:32  Roach x7  
  106  6:33  Glial Reconstitution  
  106  6:35  Roach  
  106  6:37  Zergling x2, Centrifugal Hooks  
  109  6:44  Baneling x4  
  109  6:53  Zergling x4, Roach  
  109  6:54  Zergling x4, Roach x3  
  88  7:02  Zergling x4, Roach x2  
  88  7:07  Zergling x2, Roach  
  85  7:13  Zergling x2  
  76  7:29  Queen  
  78  7:30  Roach x3  
  78  7:32  Drone  
  78  7:33  Drone  
  78  7:34  Roach  
  78  7:35  Hydralisk Den  
  87  7:38  Hatchery  
  87  7:43  Roach  
  87  7:44  Roach  
  90  7:49  Overseer  
  90  7:50  Pneumatized Carapace  
  90  7:52  Roach x3  
  90  7:57  Drone  
  97  8:00  Overlord x2  
  97  8:02  Overseer  
  97  8:15  Muscular Augments  
  97  8:19  Hydralisk x3  
  99  8:20  Roach x2  
  99  8:21  Zergling x10  
  99  8:22  Zergling x2  
  88  8:50  Hydralisk x4, Roach  
  88  8:51  Roach x5  
  92  8:56  Spore Crawler  
  92  8:57  Queen x2  
  92  9:00  Hydralisk x2  
  95  9:10  Queen  
  97  9:18  Ravager  
  97  9:19  Grooved Spines  
  98  9:24  Drone x6  
  98  9:25  Overlord  
  98  9:26  Overlord x3  
  98  9:27  Extractor  
  98  9:29  Extractor  
  102  9:31  Zerg Ground Armor Level 1  
  102  9:32  Hatchery  
  102  9:33  Drone x3  
  104  9:43  Overlord  
  104  9:44  Overlord  
  104  9:48  Drone x7  
  111  9:56  Overseer x2  
  111  9:57  Hydralisk x2, Roach x2  
  111  9:58  Roach  
  121  10:07  Infestation Pit  
  120  10:17  Zerg Missile Weapons Level 2  
  120  10:20  Hydralisk  
  120  10:21  Hydralisk x4, Unknown  
  129  10:38  Drone x12  
  141  10:44  Spore Crawler, Hive  
  140  10:50  Lurker Den  
  140  10:52  Spore Crawler  
  140  10:56  Overseer x2  
  138  11:07  Hydralisk x3  
  138  11:08  Roach x4  
  152  11:26  Zerg Ground Armor Level 2  
  152  11:31  Overlord x6  
  152  11:33  Overlord x2  
  152  11:34  Overseer x2  
  152  11:58  Drone x3  
  152  11:59  Drone  
  152  12:00  Hydralisk x2  
  152  12:01  Hydralisk x3, Roach x5  
  164  12:05  Hatchery  
  143  12:27  Hydralisk  
  143  12:28  Hydralisk x6, Roach x4  
  143  12:29  Roach x3  
  124  12:41  Hydralisk  
  124  12:42  Hydralisk x2, Roach x3  
  124  12:43  Roach  
  116  12:49  Hydralisk x2  
  116  12:50  Roach  
  122  12:55  Hydralisk  
  122  12:56  Roach x2  
  122  12:57  Drone  
  127  13:20  Queen x2  
  127  13:25  Seismic Spines  
  127  13:26  Lurker x2  
  127  13:27  Lurker x2  
  134  13:29  Lurker  
  134  13:30  Lurker  
  137  13:35  Lurker x2  
  139  14:01  Hydralisk x7, Roach x3  
  139  14:02  Roach x4  
Tags
 
Add a new tag
Caveats
  • Supply blocks, unpowered buildings, or Contaminate may cause inaccurate times.
  • Supply counts are checked every 10 seconds.